 Dungeon Crawl Stone Soup version 0.25-a0-589-g1e14c549ee (webtiles) character file.

Game seed: 4752325372304813297, levelgen mode: deterministic

58 MisterFreud the Skirmisher (level 3, 0/18 HPs)
             Began as a Felid Skald on Mar 9, 2020.
             Slain by an orc
             ... wielding a +0 club
              (6 damage)
             ... on level 3 of the Dungeon.
             The game lasted 00:05:50 (3220 turns).

MisterFreud the Skirmisher (Felid Skald)            Turns: 3220, Time: 00:05:51

Health: 0/18       AC:  1    Str:  7    XL:     3   Next: 75%
Magic:  6/7        EV: 19    Int: 14    God:
Gold:   139        SH:  0    Dex: 16    Spells: 3/6 levels left
                                        Lives:  0   Deaths: 1

rFire    . . .     SeeInvis +     - Unarmed
rCold    . . .     Gourm    .   (shield unavailable)
rNeg     . . .     Faith    .   (armour unavailable)
rPois    .         Spirit   .   (helmet unavailable)
rElec    .         Reflect  .   (cloak unavailable)
rCorr    .         Harm     .   (gloves unavailable)
MR       .....                  (boots unavailable)
Stlth    ++........             (no amulet)
HPRegen  0.06/turn              (no ring)
MPRegen  0.10/turn              (no ring)

@: quick
A: very small, no armour, no weapons or thrown items, stealth, claws 1, fangs 3,
see invisible, carnivore, speed 1, shaggy fur 1, slow metabolism 1, sharp paws
a: no special abilities


You were on level 3 of the Dungeon.
You were not hungry.

You visited 1 branch of the dungeon, and saw 3 of its levels.

You collected 139 gold pieces.

Inventory:

Scrolls
 a - a scroll of remove curse
Potions
 f - 2 potions of lignification {unknown}
 g - 2 potions of cancellation {unknown}
 h - a potion of ambrosia {unknown}
 i - a potion of curing {unknown}
Comestibles
 b - 5 rations


   Skills:
 + Level 4.3 Fighting
 + Level 3.9 Dodging
 + Level 2.5 Unarmed Combat
 - Level 2.0 Spellcasting
 - Level 3.6 Charms


You had 3 spell levels left.
You knew the following spells:

 Your Spells              Type           Power        Failure   Level  Hunger
a - Infusion              Chrm           ##..         5%          1    ##.....
b - Shroud of Golubria    Chrm/Tloc      #.....       17%         2    ###....

Your spell library contained the following spells:

 Spells                   Type           Power        Failure   Level  Hunger
 Song of Slaying          Chrm           ##......     9%          2    ###....
 Ozocubu's Armour         Chrm/Ice       #.......     34%         3    ####...
 Spectral Weapon          Hex/Chrm       Unusable     N/A         3    N/A

Dungeon Overview and Level Annotations

Branches:
Dungeon (3/15)

Altars:
Fedhas


Innate Abilities, Weirdness & Mutations

You cannot wear armour.
You are incapable of wielding weapons or throwing items.
Your paws allow you to move quietly. (Stealth)
You have sharp claws.
You have razor-sharp teeth.
You have supernaturally acute eyesight. (SInv)
You are carnivorous and can eat meat at any time.
You cover ground quickly.
You are covered in fur. (AC +1)
You have a slow metabolism.
Your sharp claws are effective at attacking unaware monsters.


Message History

Your shroud falls apart!
You are too injured to fight recklessly!
You are too injured to fight recklessly!
You are too injured to fight recklessly!
You scratch the giant cockroach but do no damage.
You bite the giant cockroach, but do no damage.
The giant cockroach is severely wounded.
The giant cockroach misses you.
An adder comes into view.
The giant cockroach barely misses you.
Unknown command.
The adder hisses angrily.
You claw the giant cockroach!
You kill the giant cockroach!
The orc barely misses you.
You scratch the kobold.
You kill the kobold!
The orc closely misses you. The orc hits you with a +0 club.
You die...

##### ...%. ##### #
....## #...# ####
####$.###...#######...
#b#....................÷
.s..................>.†.
...#.#.#S..#...###.##....
. .. #@o.#...# #.##....
#.#####...##### #.##.###
#<........# #.##.###
##.#...(..# #.##....
....###.# #.###### #.#..#
#.. #.# #.. # #.<# #.#
#.# #.# #...## .# #. #..
#.!. .. . #.####..


You could see an adder and an orc.

Vanquished Creatures
  An orc priest (D:2)
  2 adders
  A worm (D:2)
  A dart slug (D:2)
  2 orcs
  4 bats (D:1)
  3 giant cockroaches
  7 goblins
  5 hobgoblins
  11 jackals
  2 ball pythons
  6 frilled lizards
  7 kobolds
  5 rats
57 creatures vanquished.

Notes
Turn   | Place    | Note
-------+----------+-------------------------------------------
     0 | D:1      | MisterFreud the Felid Skald began the quest for the Orb.
     0 | D:1      | Reached XP level 1. HP: 9/9 MP: 4/4
   468 | D:1      | Reached XP level 2. HP: 13/13 MP: 3/6
   472 | D:1      | Learned a level 2 spell: Shroud of Golubria
   689 | D:1      | Reached skill level 3 in Fighting
  1381 | D:1      | Reached XP level 3. HP: 17/17 MP: 4/7
  2069 | D:2      | Reached skill level 4 in Fighting
  2209 | D:2      | Found a blossoming altar of Fedhas.
  2713 | D:2      | Reached XP level 4. HP: 7/22 MP: 2/8
  3148 | D:3      | HP: 1/22 [orc priest/nerve-wracking pain (13)]
  3153 | D:3      | Killed from afar by an orc priest
  3154 | D:3      | Reached XP level 3. HP: -6/18 MP: 0/7
  3220 | D:3      | Slain by an orc

Levels and vault maps discovered:
D:1:      co_arrival_random_square_maze, layout_basic
D:2:      layout_rooms, fedhas_altar_1, first_ration, kennysheep_generic_room_15
D:3:      layout_basic, portal_sewer_entry_d

Skill      XL: |  1  2  3 |
---------------+----------+-----
Fighting       | 3 4 |  4.3
Dodging        | |  3.9
Unarmed Combat | |  2.5
Spellcasting   | |  2.0
Charms         | |  3.6

Action                   |  1- 3 |  4- 6 || total
-------------------------+-------+-------++-------
Melee: Unarmed           |   157 |    27 ||   184
       Bite              |    18 |     3 ||    21
 Cast: Infusion          |    18 |     2 ||    20
       Shroud of Golubri |     8 |     1 ||     9
  Use: Scroll            |     4 |     2 ||     6
       Potion            |       |     1 ||     1
 Stab: Sleeping          |     4 |       ||     4
  Eat: Chunk             |    12 |     2 ||    14
Armor: Skin              |     8 |     1 ||     9
Dodge: Dodged            |   155 |    18 ||   173

Table legend:
 A = Non-vault XP
 B = Vault XP
 C = Vault XP percentage of total XP
 D = Non-vault monster count
 E = Vault monster count
 F = Vault count percentage of total count
                 A         B        C        D         E       F
            +---------+---------+-------+---------+---------+-------
      Total |     164 |       0 |   0.0 |      57 |       0 |   0.0
            +---------+---------+-------+---------+---------+-------
        D:1 |      49 |       0 |   0.0 |      30 |       0 |   0.0
        D:2 |      90 |       0 |   0.0 |      20 |       0 |   0.0
        D:3 |      25 |       0 |   0.0 |       7 |       0 |   0.0
            +---------+---------+-------+---------+---------+-------
